 Dungeon Crawl Stone Soup version 0.31-a0-698-g4a7cf283bb (webtiles) character file.

Game seed: 11449496363642569496

54 qw the Shooter (level 3, -8/23 HPs)
             Began as a Gargoyle Hunter on Sept 7, 2023.
             Mangled by an ogre
             ... wielding a +0 giant club
              (22 damage)
             ... on level 2 of the Dungeon.
             The game lasted 00:00:30 (1266 turns).

qw the Shooter (Gargoyle Hunter)                    Turns: 1266, Time: 00:00:31

Health: -8/23      AC:  6    Str: 14    XL:     3   Next: 91%
Magic:  3/3        EV: 11    Int:  9    God:
Gold:   114        SH:  0    Dex: 15    Spells: 2/2 levels left

rFire   . . .        Y - +0 shortbow
rCold   . . .        (shield currently unavailable)
rNeg    + . .        c - +0 leather armour
rPois   inf          (no helmet)
rElec   +            (no cloak)
rCorr   .            (no gloves)
SInv    .            (no boots)
Will    .....        (no amulet)
Stlth   ++           (no ring)
HPRegen 0.23/turn    (no ring)
MPRegen 0.08/turn

%: no passive effects
@: no status effects
A: sickness immunity, AC +3, negative energy resistance 1, electricity
resistance, torment resistance 1, petrification resistance
a: no special abilities


You were on level 2 of the Dungeon.
You visited 1 branch of the dungeon, and saw 3 of its levels.

You collected 114 gold pieces.


Innate Abilities, Weirdness & Mutations

You are immune to sickness and miasma.
Your stone body is resilient. (AC +3)
You are immune to poison.
You resist negative energy. (rN+)
You are resistant to electric shocks. (rElec)
You are resistant to unholy torment.
You are immune to petrification.


   Skills:
 - Level 3.0 Fighting
 + Level 5.0 Ranged Weapons
 - Level 1.5 Dodging
 - Level 1.1 Stealth


You had 2 spell levels left.
You didn't know any spells.
Your spell library was empty.

Inventory:

Hand Weapons
 Y - a +0 shortbow (weapon)
Armour
 c - a +0 leather armour (worn)
Scrolls
 i - a scroll of identify
Potions
 e - a potion of curing
 g - a potion of brilliance {unknown}
 h - a potion of enlightenment {unknown}
 j - a potion of degeneration {unknown}

Dungeon Overview and Level Annotations

Branches:
Dungeon (3/15)

Altars:

Shops:
D:2 =


Message History

As you read the scroll labelled SOAHUI GODIASCH, it crumbles to dust.
Wisps of shadow whirl around you...
It was a scroll of summoning.
Done exploring.
What level of the Dungeon? (default 2, ? - help)
You swap places.
There is a stone staircase leading up here.
There is a stone staircase leading down here.
You climb downwards.
Your summoned allies are left behind.
You hear the sound of rushing water.
There is an entrance to a sewer on this level.
Hurry and find it before the portal rusts away!
The ogre shouts!
Found an escape hatch in the ceiling.
There is a stone staircase leading up here.
There are monsters nearby!
Waypoint 2 assigned to D:3.
1258 ||| PLANNING SEWER You shoot an arrow.
The arrow hits the dart slug!
You kill the dart slug!
You shoot an arrow. The arrow hits the ogre.
The ogre is lightly wounded.
You shoot an arrow. The arrow hits the ogre.
The ogre is lightly wounded.
You shoot an arrow. The arrow completely misses the ogre.
You shoot an arrow.
The arrow hits the ogre but does no damage.
The ogre is lightly wounded.
1263 ||| STAIRDANCE The ogre hits you with a +0 giant club!
You climb upwards.
There is a stone staircase leading down here.
Enter note:
Enter note: You shoot an arrow.
The arrow hits the ogre.
The ogre is moderately wounded.
You shoot an arrow.
The arrow hits the ogre but does no damage.
The ogre is moderately wounded.
The ogre hits you with a +0 giant club!!
Ouch! That really hurt!
You die...

...## #.# ###### ...# #.# #.....
.#.###### #g# #.####
.#......####### #.# #.#
.#.#..........# #.# #.#
...#.##.#####.# ##g## #.#
.#.#..#.# ##.######...#####.#
........####.....##b#.#.#....####
.............###@#S##.##..###....
....?........# #O.............###
...........#.###.#.##.##..#####
.........#.#.....##.....#.#
##..#.#......#.####.....#.##
#......##.###.####........#
##.....##.# #....#.#.#.#..#
#####.##.######.#.....#..#
#.##........(...###..#


You could see an ogre.

Vanquished Creatures
  An adder (D:2)
  3 dart slugs
  3 ball pythons
  3 endoplasms (D:1)
  A giant cockroach (D:1)
  7 hobgoblins
  4 kobolds
  2 quokkas
  3 bats
  2 frilled lizards (D:1)
  3 goblins
  3 rats
35 creatures vanquished.

Notes
Turn   | Place    | Note
-------+----------+-------------------------------------------
     0 | D:1      | qw the Gargoyle Hunter began the quest for the Orb.
     0 | D:1      | Reached XP level 1. HP: 12/12 MP: 1/1
     0 | D:1      | 0 ||| qw: Version: 0.3-a-76-g4403597
     0 | D:1      | 0 ||| qw: Game counter: 370
     0 | D:1      | 0 ||| qw: Melee chars always use a shield: true
     0 | D:1      | 0 ||| qw: God list: Okawaru
     0 | D:1      | 0 ||| qw: Allow faded altars: false
     0 | D:1      | 0 ||| qw: Do Orc after clearing Dungeon:15 true
     0 | D:1      | 0 ||| qw: Do second Lair branch before Depths: true
     0 | D:1      | 0 ||| qw: Lair rune preference: random
     0 | D:1      | 0 ||| qw: Goals: Normal
     0 | D:1      | 0 ||| PLANNING D:1-11
    81 | D:1      | Reached XP level 2. HP: 17/17 MP: 2/2
   328 | D:1      | Reached XP level 3. HP: 19/21 MP: 3/3
   626 | D:1      | 626 ||| DROPPING ring of wizardry.
   627 | D:1      | 627 ||| READING scroll labelled HUPNOL CEJ.
   628 | D:1      | 628 ||| READING scroll labelled ASTICAGHOE.
   631 | D:1      | 631 ||| READING scroll labelled MOYJA HELUAWKEO.
   632 | D:1      | 632 ||| READING scroll labelled MINUSARUNT.
   633 | D:1      | 633 ||| DRINKING 2 fuming red potions.
   634 | D:1      | 634 ||| DROPPING scroll of butterflies.
   690 | D:2      | Reached skill level 5 in Ranged Weapons
   741 | D:2      | Found Fixzilul's Jewellery Boutique.
   755 | D:2      | 755 ||| SHOPLISTING +4 ring of slaying (1092 gold, have
                  | 98).
   755 | D:2      | 755 ||| SHOPLISTING amulet of reflection (420 gold, have
                  | 98).
   755 | D:2      | 755 ||| SHOPLISTING dreamshard necklace {Acrobat *Dream}
                  | (2800 gold, have 98).
   755 | D:2      | 755 ||| SHOPLISTING ring of fire (350 gold, have 98).
   755 | D:2      | 755 ||| SHOPLISTING ring of ice (350 gold, have 98).
   755 | D:2      | 755 ||| SHOPLISTING ring of see invisible (210 gold, have
                  | 98).
   758 | D:2      | Identified the +5 mace of the Eternal Warrior {drain,
                  | Str+7}
  1052 | D:2      | Reached skill level 3 in Fighting
  1232 | D:2      | 1232 ||| READING scroll labelled YXKILIS EGEMP.
  1233 | D:2      | 1233 ||| READING scroll labelled NURIRI GEATH.
  1234 | D:2      | 1234 ||| READING scroll labelled AZILAS APNI.
  1235 | D:2      | 1235 ||| READING scroll labelled LAEQAN POYSESI.
  1236 | D:2      | 1236 ||| READING scroll labelled SOAHUI GODIASCH.
  1257 | D:3      | Noticed an ogre
  1258 | D:3      | 1258 ||| PLANNING SEWER
  1263 | D:3      | 1263 ||| STAIRDANCE
  1266 | D:2      | Mangled by an ogre

Levels and vault maps discovered:
D:1:      ebering_hopf_link, layout_basic
D:2:      layout_loops_ring, serial_shops, nicolae_shop_stone
D:3:      layout_basic, cheibrodos_sewer_entry_drain, ebering_ghost_inner_flame,
          serial_corexii_hall, corexii_hall_statues_l, chequers_hall_statues_y,
          minmay_misc_feat_diagonals, hangedman_decor_lopped

Skill      XL: |  1  2  3 |
---------------+----------+-----
Ranged Weapons | 5 |  5.0
Fighting       | 3 |  3.0
Dodging        | |  1.5
Stealth        | |  1.1

Action                     || total
---------------------------++-------
   Fire: Shortbow          ||   106
    Use: Scroll            ||     9
         Potion            ||     1
 Armour: Leather armour    ||    18
  Dodge: Dodged            ||     9

Table legend:
 A = Non-vault XP
 B = Vault XP
 C = Vault XP percentage of total XP
 D = Non-vault monster count
 E = Vault monster count
 F = Vault count percentage of total count
                 A         B        C        D         E       F
            +---------+---------+-------+---------+---------+-------
      Total |      78 |       0 |   0.0 |      35 |       0 |   0.0
            +---------+---------+-------+---------+---------+-------
        D:1 |      38 |       0 |   0.0 |      22 |       0 |   0.0
        D:2 |      36 |       0 |   0.0 |      12 |       0 |   0.0
        D:3 |       4 |       0 |   0.0 |       1 |       0 |   0.0
            +---------+---------+-------+---------+---------+-------
